 Dungeon Crawl Stone Soup version 0.22.1-1-ga44c0e56f4 (webtiles) character file.

1032 Riddle the Protected (level 8, -4/58 HPs)
             Began as a Formicid Monk on Oct 5, 2018.
             Killed by divine providence
             ... invoked by an orc priest
              (10 damage)
             ... on level 4 of the Dungeon.
             The game lasted 00:16:38 (8734 turns).

Riddle the Protected (Formicid Monk)                Turns: 8734, Time: 00:16:39

Health: -4/58      AC:  8    Str: 19      XL:     8   Next: 48%
Magic:  8/8        EV:  8    Int:  9      God:
Gold:   201        SH: 13    Dex:  8 (13) Spells: 7/7 levels left

rFire    . . .     SeeInvis +   j - +1 dagger (drain)
rCold    . . .     Gourm    .   p - +0 large shield
rNeg     . . .     Faith    .   o - +1 ring mail
rPois    .         Spirit   .   (helmet unavailable)
rElec    .         Reflect  .   (no cloak)
rCorr    .         Harm     .   (no gloves)
MR       .....                  (no boots)
Stlth    +.........             (no amulet)
HPRegen  0.19/turn              (no ring)
MPRegen  0.11/turn              (no ring)

@: no status effects
A: permanent stasis, dig shafts and tunnels, four strong arms, antennae 3
a: Dig, Shaft Self


You were on level 4 of the Dungeon.
You were not hungry.

You visited 1 branch of the dungeon, and saw 5 of its levels.
You also visited: Sewer.

You collected 201 gold pieces.

Inventory:

Hand Weapons
 j - a +1 dagger of draining (weapon)
Armour
 o - a +1 ring mail (worn)
 p - a +0 large shield (worn)
Jewellery
 q - a +3 ring of dexterity {unknown}
Scrolls
 b - a scroll of enchant armour
 d - 2 scrolls of fog
 i - 3 scrolls of remove curse
 l - 3 scrolls of identify
 m - a scroll of amnesia {unknown}
 n - a scroll of immolation
Potions
 a - 3 potions of haste {unknown}
 e - a potion of might {unknown}
 f - 2 potions of lignification {unknown}
 g - 3 potions of curing {unknown}
 h - 2 potions of flight
 k - a potion of berserk rage {unknown}
 r - a potion of heal wounds {unknown}
Comestibles
 c - 6 rations


   Skills:
 - Level 3.2 Fighting
   Level 3.0 Long Blades
 - Level 9.3 Armour
 - Level 2.6 Dodging
 - Level 2.4 Stealth
 + Level 4.0 Shields


You had 7 spell levels left.
You didn't know any spells.
Your spell library was empty.

Dungeon Overview and Level Annotations

Branches:
Dungeon (5/15)
 Temple: D:4-7

Altars:
Cheibriados
Gozag
Okawaru
Zin

Shops:
D:4 ?


Innate Abilities, Weirdness & Mutations

You cannot be hasted, slowed, berserked, paralysed or teleported.
You can dig through walls and to a lower floor.
Your four strong arms can wield two-handed weapons with a shield.
You have a pair of large antennae on your head. (SInv)


Message History

The orc priest hits you but does no damage.
You hit the orc priest. You drain the orc priest!
The orc priest is almost dead.
The orc priest calls down the wrath of Beogh upon you.
Pain shoots through your body!
* * * LOW HITPOINT WARNING * * *
You hit the orc priest but do no damage.
The orc priest is almost dead.
You block the orc priest's attack.
You closely miss the orc priest.
The orc priest is almost dead.
You block the orc priest's attack.
Your shield prevents you from hitting the orc priest.
The orc priest is almost dead.
You block the orc priest's attack.
You completely miss the orc priest.
The orc priest is almost dead.
The orc priest calls down the wrath of Beogh upon you.
Beogh smites you!
You die...

..........##...#..########.#.#
#######.####...............#.#
######..##....#..##########.#
#..........(#.#..##########.#
#.#...♣...#......[..........#
#....♣.♣.....#..#############
#...♣.♣.♣....#..# ####
#..♣.♣.♣.♣..##[)##### #...
##.♣.♣._.♣.♣.###@o...# #.##
....♣.♣.♣.♣..# #####.# ####'##
.....♣.♣.♣...#######.# #.....#
......♣.♣....#...o...# #.....#
...#...♣...#...#######
####.....# ...............#
#..'.....# ≈..#..####...#o#
#.##.....# ≈....##
#.#.#.#########.##.....#
...###
#.#...........o.##.....#


You could see an orc priest.

Vanquished Creatures
  An ice beast (D:5)
  2 ogres
  2 big kobolds (D:3)
  A quasit (D:4)
  3 orc priests (D:4)
  2 orc wizards (D:4)
  Jessica (D:2)
  3 worker ants
  2 merfolk sirens (Sewer)
  A merfolk avatar (Sewer)
  10 adders
  2 river rats (Sewer)
  An ooze (D:3)
  An adder zombie (D:5)
  2 worms
  7 leopard geckos
  14 orcs
  4 ball pythons (Sewer)
  10 giant cockroaches
  12 goblins
  13 hobgoblins
  21 jackals
  9 kobolds
  A quokka (D:3)
  6 bats
  9 frilled lizards
  A jackal skeleton (D:5)
  A quokka zombie (D:5)
  32 rats
174 creatures vanquished.

Notes
Turn   | Place    | Note
-------+----------+-------------------------------------------
     0 | D:1      | Riddle the Formicid Monk began the quest for the Orb.
     0 | D:1      | Reached XP level 1. HP: 18/18 MP: 1/1
    65 | D:1      | Reached skill level 1 in Armour
    74 | D:1      | Reached XP level 2. HP: 14/24 MP: 2/2
   299 | D:1      | Reached skill level 2 in Armour
   461 | D:1      | Reached XP level 3. HP: 21/29 MP: 3/3
   816 | D:1      | Reached skill level 3 in Armour
  1743 | D:2      | Reached XP level 4. HP: 35/35 MP: 4/4
  1790 | D:2      | Noticed Jessica
  1797 | D:2      | Killed Jessica
  1797 | D:2      | Reached skill level 4 in Armour
  2292 | D:2      | Reached XP level 5. HP: 41/41 MP: 5/5
  2565 | D:3      | Found a faded altar of an unknown god.
  2565 | D:3      | Found a glowing silver altar of Zin.
  2571 | D:3      | Found a faded altar of an unknown god.
  2573 | D:3      | Found a snail-covered altar of Cheibriados.
  2574 | D:3      | Found an opulent altar of Gozag.
  2696 | D:3      | Reached skill level 5 in Armour
  2801 | D:3      | Found a glowing drain.
  2840 | Sewer    | Entered a sewer
  3202 | Sewer    | Reached XP level 6. HP: 45/47 MP: 6/6
  3284 | Sewer    | Reached skill level 6 in Armour
  4127 | D:3      | Reached skill level 7 in Armour
  4174 | D:3      | Reached XP level 7. HP: 7/52 MP: 7/7
  5073 | D:4      | Reached skill level 8 in Armour
  5125 | D:4      | Found an iron altar of Okawaru.
  6396 | D:4      | Found Gaseqes's Magic Scroll Boutique.
  7208 | D:5      | Entered Level 5 of the Dungeon
  7258 | D:5      | Reached skill level 9 in Armour
  7258 | D:5      | Reached XP level 8. HP: 31/58 MP: 8/8
  8734 | D:4      | Killed from afar by an orc priest

Skill      XL: |  1  2  3  4  5  6  7  8 |
---------------+-------------------------+-----
Armour         | 1 2 3 4 5 7 9 |  9.3
Shields        | 4 |  4.0
Fighting       | |  3.2
Long Blades    | |  3.0
Dodging        | |  2.6
Stealth        | |  2.4

Action                   |  1- 3 |  4- 6 |  7- 9 || total
-------------------------+-------+-------+-------++-------
Melee: Falchion          |   122 |   315 |       ||   437
       Dagger            |       |       |   433 ||   433
 Abil: Dig               |     4 |     4 |     7 ||    15
  Use: Scroll            |       |     8 |       ||     8
       Potion            |       |     2 |       ||     2
 Stab: Sleeping          |     1 |     2 |       ||     3
       Distracted        |       |     1 |       ||     1
  Eat: Chunk             |     2 |    11 |     9 ||    22
       Ration            |       |       |     2 ||     2
Armor: Robe              |    13 |       |       ||    13
       Scale mail        |       |    15 |       ||    15
       Ring mail         |       |   107 |   195 ||   302
Dodge: Dodged            |    90 |   219 |   221 ||   530
Block: Large shield      |       |       |    73 ||    73
       Rpst.: Falchion   |    34 |    70 |       ||   104
